 Dungeon Crawl Stone Soup version 0.19.4-9-g45fd643 (webtiles) character file.

79 Gorglomux the Slinger (level 4, -4/29 HPs)
             Began as a Halfling Hunter on Feb 19, 2017.
             Killed from afar by Sigmund (6 damage)
             ... with a puff of flame
             ... on level 2 of the Dungeon.
             The game lasted 00:02:45 (1170 turns).

Gorglomux the Slinger (Halfling Hunter)             Turns: 1170, Time: 00:02:45

Health: -4/29      AC:  3    Str: 13    XL:     4   Next: 62%
Magic:  4/4        EV: 14    Int:  9    God:
Gold:   96         SH:  4    Dex: 15    Spells: 0 memorised, 3 levels left

rFire  . . .     SeeInvis .     t - +0 hunting sling (velocity)
rCold  . . .     Gourm    .     c - +0 leather armour
rNeg   . . .     Faith    .     (shield restricted)
rPois  .         Spirit   .     (no helmet)
rElec  .         Reflect  +     (no cloak)
rCorr  .         Harm     .     (no gloves)
MR     .....                    (no boots)
Stlth  ++........               o - +4 amulet of reflection
                                (no ring)
                                (no ring)

@: no status effects
A: mutation resistance 1
a: no special abilities


You were on level 2 of the Dungeon.
You were hungry.

You visited 1 branch of the dungeon, and saw 2 of its levels.

You collected 96 gold pieces.

Inventory:

Hand Weapons
 a - a +1 hunting sling
 b - a +0 short sword
 t - a +0 hunting sling of velocity (weapon)
Missiles
 d - 10 sling bullets (quivered)
 j - 88 stones
Armour
 c - a +0 leather armour (worn)
Jewellery
 o - a +4 amulet of reflection (around neck)
Scrolls
 g - a scroll of immolation {unknown}
 h - 2 scrolls of identify {unknown}
 q - a scroll of remove curse {unknown}
 s - 3 scrolls of enchant armour {unknown}
Potions
 l - a potion of flight {unknown}
 n - a potion of curing {unknown}
 r - a potion of heal wounds {unknown}
Comestibles
 f - 2 bread rations
 k - 2 meat rations
 m - a beef jerky


   Skills:
 - Level 1.7 Fighting
 + Level 8.3 Slings
 - Level 2.1 Dodging
 - Level 1.1 Stealth


You had 3 spell levels left.
You didn't know any spells.

Dungeon Overview and Level Annotations

Branches:
Dungeon (2/15)

Altars:

Annotations:
D:2 Sigmund


Innate Abilities, Weirdness & Mutations

You are small and have problems with some larger weapons.
You are somewhat resistant to further mutation.


Message History

You close the door.
Something unseen opens the door.
You close the door.
Something unseen opens the door.
Something hits you!
* * * LOW HITPOINT WARNING * * *
You close the door.
There's nothing to close nearby.
There's nothing to close nearby.
There's nothing to close nearby.
There's nothing to close nearby.
There's nothing to close nearby.
There's nothing to close nearby.
There's nothing to close nearby.
There's nothing to close nearby.
There's nothing to close nearby.
There's nothing to close nearby.
There's nothing to close nearby.
There's nothing to close nearby.
Something unseen opens the door.
A puff of flame appears from out of thin air!
The puff of flame hits you!
You die...

#.###.# #.# #.# #.........# #.
#.# #.# #.# #.#######.#
#.###.###.# ##'###.# #.#
#.........###...##.# #####.#
###.########.....#.# #(.().#
#..## ##........# #.#.#.#
#####...####.........###.....#
...........+.................#
#####...####....@............#
#..## ##.......####.#.### #.##
##.....## #(### #.# ##...##
###(#### #.# ##'## #.(....#
..# #.# #...(.(# ## #.#
#.###))# ...###.#####. #[.#
#.........##.###{.#


There were no monsters in sight!

Vanquished Creatures
  Robin (D:2)
  2 adders (D:2)
  An ooze (D:2)
  A leopard gecko (D:1)
  A giant cockroach (D:2)
  10 goblins (D:2)
  5 hobgoblins
  4 jackals (D:1)
  5 bats
  4 frilled lizards
  3 kobolds (D:1)
  3 rats
40 creatures vanquished.

Vanquished Creatures (others)
  A quokka (D:2)
1 creature vanquished.

Grand Total: 41 creatures vanquished

Notes
Turn   | Place    | Note
-------+----------+-------------------------------------------
     0 | D:1      | Gorglomux the Halfling Hunter began the quest for the Orb.
     0 | D:1      | Reached XP level 1. HP: 14/14 MP: 1/1
    33 | D:1      | Reached skill level 6 in Slings
   234 | D:1      | Reached XP level 2. HP: 19/19 MP: 2/2
   457 | D:1      | Reached skill level 7 in Slings
   457 | D:1      | Reached XP level 3. HP: 23/24 MP: 3/3
   746 | D:2      | Reached XP level 4. HP: 29/29 MP: 4/4
   944 | D:2      | Noticed Robin
   956 | D:2      | Reached skill level 8 in Slings
   964 | D:2      | Killed Robin
  1089 | D:2      | Noticed Sigmund
  1170 | D:2      | Killed from afar by Sigmund

Skill      XL: |  1  2  3  4 |
---------------+-------------+-----
Slings         | 6 7 8 |  8.3
Fighting       | |  1.7
Dodging        | |  2.1
Stealth        | |  1.1

Action                   |  1- 3 |  4- 6 || total
-------------------------+-------+-------++-------
 Fire: Hunting sling     |    81 |    47 ||   128
Armor: Leather armour    |     6 |     4 ||    10
Dodge: Dodged            |    20 |    13 ||    33
Block: Other             |     4 |     6 ||    10
       Reflection        |       |     2 ||     2
